PIO (24 & UNDER)
SALEM SLEDGEHAMMERS @ COLORADO COMMANDERS
05/17/2028
 
TOP OF THE 1ST
Salem Sledgehammers batting - Pitching for Colorado Commanders : RHP Jesús Medina
Pitching: RHP Jesús Medina
Batting: SHB Juan Hernández 0-0: Called Strike
0-1: Ball
1-1: Ground out U3 (Groundball, 34)
Batting: RHB Kenny Pruitt 0-0: Called Strike
0-1: Foul Ball, location: 2F
0-2: Ball
1-2: Ball
2-2: Ball
3-2: Strikes out swinging
Batting: RHB Juan Chávez 0-0: Ball
1-0: Ball
2-0: Fly out, F8 (Flyball, 8LM)
Top of the 1st over - 0 run(s), 0 hit(s), 0 error(s), 0 left on base; Salem 0 - Colorado 0
BOTTOM OF THE 1ST
Colorado Commanders batting - Pitching for Salem Sledgehammers : RHP Bret Oliver
Pitching: RHP Bret Oliver
Batting: SHB Pancho Vásquez 0-0: Foul Ball, location: 2F
0-1: Called Strike
0-2: Ground out 4-3 (Groundball, 4)
Batting: RHB Mike Martin 0-0: Foul Ball, location: 2F
0-1: Called Strike
0-2: Strikes out looking
Batting: LHB Arturo Rodledo 0-0: Called Strike
0-1: Called Strike
0-2: Foul Ball, location: 2F
0-2: Ball
1-2: Single, Error in OF, E7, batter to second base
Batting: LHB Juan Torres 0-0: Ball
1-0: Foul Ball, location: 2F
1-1: Ball
2-1: SINGLE (Groundball, 34D)
Arturo Rodledo to third
Runner from 3rd tries for Home, throw and OUT!
Bottom of the 1st over - 0 run(s), 2 hit(s), 1 error(s), 1 left on base; Salem 0 - Colorado 0
TOP OF THE 2ND
Salem Sledgehammers batting - Pitching for Colorado Commanders : RHP Jesús Medina
Batting: RHB John Burton 0-0: Reached on error, E5 (Groundball, 5)
Batting: RHB Ben Simpson 0-0: Called Strike
0-1: Swinging Strike
0-2: Ball
1-2: Ball
2-2: Strikes out swinging
Batting: RHB Rich Crabtree 0-0: Ball
1-0: Ball
2-0: Ball
3-0: Called Strike
3-1: Called Strike
3-2: Foul Ball, location: 2F
3-2: Base on Balls
John Burton to second
Batting: RHB Juan Morales 0-0: Foul Ball, location: 2F
0-1: Foul Ball, location: 2F
0-2: Ball
1-2: Strikes out swinging
Batting: RHB José Vázquez 0-0: Ball
1-0: Swinging Strike
1-1: Ball
2-1: Ball
3-1: Foul Ball, location: 2F
3-2: Strikes out looking
Top of the 2nd over - 0 run(s), 0 hit(s), 1 error(s), 2 left on base; Salem 0 - Colorado 0
BOTTOM OF THE 2ND
Colorado Commanders batting - Pitching for Salem Sledgehammers : RHP Bret Oliver
Batting: RHB Frank Martínez 0-0: Ball
1-0: Ball
2-0: Ball
3-0: Base on Balls
Batting: RHB Félix Campos 0-0: Called Strike
Frank Martínez is caught stealing 2nd base
0-1: Called Strike
0-2: Foul Ball, location: 2F
0-2: Ball
1-2: Strikes out looking
Batting: RHB Carl O'Dell 0-0: Ball
1-0: Called Strike
1-1: Fly out, F8 (Line Drive, 8LM)
Bottom of the 2nd over - 0 run(s), 0 hit(s), 0 error(s), 0 left on base; Salem 0 - Colorado 0
TOP OF THE 3RD
Salem Sledgehammers batting - Pitching for Colorado Commanders : RHP Jesús Medina
Batting: SHB Troy Abreu 0-0: Foul Ball, location: 2F
0-1: Ball
1-1: Foul Ball, location: 2F
1-2: Ball
2-2: Ball
3-2: Strikes out swinging
Batting: SHB Juan Hernández 0-0: Fly out, F7 (Flyball, 7LM)
Batting: RHB Kenny Pruitt 0-0: Ball
1-0: Ball
2-0: Foul Ball, location: 2F
2-1: Foul Ball, location: 2F
2-2: Strikes out swinging
Top of the 3rd over - 0 run(s), 0 hit(s), 0 error(s), 0 left on base; Salem 0 - Colorado 0
BOTTOM OF THE 3RD
Colorado Commanders batting - Pitching for Salem Sledgehammers : RHP Bret Oliver
Batting: RHB Clarence Robertson 0-0: Ball
1-0: Called Strike
1-1: Called Strike
1-2: Ball
2-2: Foul Ball, location: 2F
2-2: Ball
3-2: Ground out 4-3 (Groundball, 4)
Batting: RHB Tony Barton 0-0: Ball
1-0: Ball
2-0: Ball
3-0: Base on Balls
Batting: SHB Pancho Vásquez 0-0: Ball
1-0: Ball
2-0: Called Strike
2-1: Ball
3-1: Called Strike
3-2: SINGLE (Line Drive, 3D)
Tony Barton to second
Tony Barton to third
Batting: RHB Mike Martin 0-0: Ball
Pancho Vásquez steals 2nd base
1-0: Ball
2-0: Ground out 5-3 (Groundball, 5S)
Batting: LHB Arturo Rodledo 0-0: Ball
1-0: Called Strike
1-1: Ball
2-1: Foul Ball, location: 2F
2-2: Foul Ball, location: 2F
2-2: Strikes out swinging
Bottom of the 3rd over - 0 run(s), 1 hit(s), 0 error(s), 2 left on base; Salem 0 - Colorado 0
TOP OF THE 4TH
Salem Sledgehammers batting - Pitching for Colorado Commanders : RHP Jesús Medina
Batting: RHB Juan Chávez 0-0: Ground out 6-3 (Groundball, 6)
Batting: RHB John Burton 0-0: Ball
1-0: Ball
2-0: Ball
3-0: Base on Balls
Batting: RHB Ben Simpson 0-0: Called Strike
0-1: Foul Ball, location: 2F
0-2: Ball
1-2: Ball
2-2: Strikes out swinging
Batting: RHB Rich Crabtree 0-0: Ball
1-0: Ball
2-0: Foul Ball, location: 2F
2-1: Foul Ball, location: 2F
2-2: Foul Ball, location: 2F
2-2: Ball
3-2: Strikes out looking
Top of the 4th over - 0 run(s), 0 hit(s), 0 error(s), 1 left on base; Salem 0 - Colorado 0
BOTTOM OF THE 4TH
Colorado Commanders batting - Pitching for Salem Sledgehammers : RHP Bret Oliver
Batting: LHB Juan Torres 0-0: Ball
1-0: Ball
2-0: Called Strike
2-1: Swinging Strike
2-2: Ball
3-2: Base on Balls
Batting: RHB Frank Martínez 0-0: Foul Ball, location: 2F
0-1: Fly out, F9 (Flyball, 9LSF)
Batting: RHB Félix Campos 0-0: Ball
1-0: Called Strike
1-1: 2-RUN HOME RUN (Flyball, 7LD), Distance : 363 ft
Batting: RHB Carl O'Dell 0-0: Ball
1-0: Foul Ball, location: 2F
1-1: Ball
2-1: Ball
3-1: Called Strike
3-2: Fly out, F8 (Flyball, 8LM)
Batting: RHB Clarence Robertson 0-0: Fly out, F9 (Flyball, 9S)
Bottom of the 4th over - 2 run(s), 1 hit(s), 0 error(s), 0 left on base; Salem 0 - Colorado 2
TOP OF THE 5TH
Salem Sledgehammers batting - Pitching for Colorado Commanders : RHP Jesús Medina
Batting: RHB Juan Morales 0-0: Fly out, F4 (Line Drive, 4)
Batting: RHB José Vázquez 0-0: Called Strike
0-1: Called Strike
0-2: Ball
1-2: Ball
2-2: Strikes out swinging
Batting: SHB Troy Abreu 0-0: Ball
1-0: Ground out 4-3 (Groundball, 4)
Top of the 5th over - 0 run(s), 0 hit(s), 0 error(s), 0 left on base; Salem 0 - Colorado 2
BOTTOM OF THE 5TH
Colorado Commanders batting - Pitching for Salem Sledgehammers : RHP Bret Oliver
Batting: RHB Tony Barton 0-0: Called Strike
0-1: Ball
1-1: Foul Ball, location: 2F
1-2: Hit by Pitch
Batting: SHB Pancho Vásquez 0-0: Fly out, F9 (Flyball, 9)
Batting: RHB Mike Martin 0-0: Ball
1-0: Ball
2-0: Ground out 5-3 (Groundball, 56S)
Tony Barton to second
Batting: LHB Arturo Rodledo 0-0: Fly out, F5 (Line Drive, 56)
Bottom of the 5th over - 0 run(s), 0 hit(s), 0 error(s), 1 left on base; Salem 0 - Colorado 2
TOP OF THE 6TH
Salem Sledgehammers batting - Pitching for Colorado Commanders : RHP Jesús Medina
Batting: SHB Juan Hernández 0-0: Foul Ball, location: 2F
0-1: Called Strike
0-2: Ball
1-2: Ball
2-2: Strikes out swinging
Batting: RHB Kenny Pruitt 0-0: SINGLE (Groundball, 34D)
Batting: RHB Juan Chávez 0-0: Ball
1-0: Foul Ball, location: 2F
1-1: Fly out, F8 (Line Drive, 8RM)
Batting: RHB John Burton 0-0: SINGLE (Groundball, 34D)
Kenny Pruitt to second
Runner from 2nd tries for 3rd, SAFE, no throw
Pinch Runner at 1st José González:
Batting: RHB Ben Simpson 0-0: Ball
1-0: Called Strike
1-1: Ball
2-1: Ball
3-1: Base on Balls
José González to second
Pitching: RHP Ron Hannah
Batting: RHB Rich Crabtree 0-0: Called Strike
0-1: Ball
1-1: Fielders Choice at 2nd, 6-4 (Groundball, 6)
Top of the 6th over - 0 run(s), 2 hit(s), 0 error(s), 2 left on base; Salem 0 - Colorado 2
BOTTOM OF THE 6TH
Colorado Commanders batting - Pitching for Salem Sledgehammers : RHP Bret Oliver
Batting: LHB Juan Torres 0-0: Ball
1-0: Called Strike
1-1: Foul Ball, location: 2F
1-2: Fly out, F6 (Popup, 6S)
Batting: RHB Frank Martínez 0-0: Called Strike
0-1: Ball
1-1: Ground out 3-1 (Groundball, 34)
Batting: RHB Félix Campos 0-0: Ball
1-0: Ball
2-0: Ball
3-0: Called Strike
3-1: Base on Balls
Pitching: LHP António Bruno
Batting: RHB Carl O'Dell 0-0: Ball
1-0: Called Strike
1-1: Called Strike
1-2: Strikes out swinging
Bottom of the 6th over - 0 run(s), 0 hit(s), 0 error(s), 1 left on base; Salem 0 - Colorado 2
TOP OF THE 7TH
Salem Sledgehammers batting - Pitching for Colorado Commanders : RHP Ron Hannah
Batting: RHB Juan Morales 0-0: Fly out, F8 (Flyball, 8LD)
Batting: RHB José Vázquez 0-0: Foul Ball, location: 2F
0-1: Foul Ball, location: 2F
0-2: Ball
1-2: Ball
2-2: Ball
3-2: Strikes out swinging, 2-3 out at first.
Batting: SHB Troy Abreu 0-0: Called Strike
0-1: Ball
1-1: Foul Ball, location: 2F
1-2: Ground out 1-3 (Groundball, 13)
Top of the 7th over - 0 run(s), 0 hit(s), 0 error(s), 0 left on base; Salem 0 - Colorado 2
BOTTOM OF THE 7TH
Colorado Commanders batting - Pitching for Salem Sledgehammers : LHP António Bruno
Batting: RHB Clarence Robertson 0-0: Swinging Strike
0-1: Ball
1-1: Ball
2-1: Ball
3-1: Foul Ball, location: 2F
3-2: Foul Ball, location: 2F
3-2: Foul Ball, location: 2F
3-2: Base on Balls
Batting: RHB Tony Barton 0-0: SINGLE (Line Drive, 7LS)
Clarence Robertson to second
Pinch Hitting: RHB Ray Ervin 0-0: Ball
1-0: Sac Bunt - play at first, batter OUT! 2-3
Clarence Robertson to third
Tony Barton to second
Batting: RHB Mike Martin 0-0: Intentional Walk
Pinch Hitting: RHB Gerald Johnson 0-0: Foul Ball, location: 2F
0-1: Swinging Strike
0-2: Ball
1-2: Strikes out swinging
Pinch Hitting: RHB Chris Rice 0-0: Swinging Strike
0-1: Foul Ball, location: 2F
0-2: Fly out, F9 (Flyball, 9)
Bottom of the 7th over - 0 run(s), 1 hit(s), 0 error(s), 3 left on base; Salem 0 - Colorado 2
TOP OF THE 8TH
Salem Sledgehammers batting - Pitching for Colorado Commanders : RHP Ron Hannah
Now at 1B: Chris Rice
Now in LF: Ray Ervin
Now in RF: Luis Torres
Batting: SHB Juan Hernández 0-0: Ball
1-0: Foul Ball, location: 2F
1-1: SINGLE (Line Drive, 4)
Pitching: RHP José Deleón
Batting: RHB Kenny Pruitt 0-0: Ball
1-0: Foul Ball, location: 2F
1-1: Ball
2-1: Foul Ball, location: 2F
2-2: Foul Ball, location: 2F
2-2: Fielders Choice at 2nd, 1-6 (Groundball, 13)
Batting: RHB Juan Chávez 0-0: Ball
1-0: Swinging Strike
1-1: SINGLE (Line Drive, 3)
Kenny Pruitt to second
Batting: RHB José González 0-0: Foul Ball, location: 2F
0-1: Ball
1-1: Foul Ball, location: 2F
1-2: Strikes out swinging
Batting: RHB Ben Simpson 0-0: Foul Ball, location: 2F
0-1: Swinging Strike
0-2: Foul Ball, location: 2F
0-2: Ball
1-2: Foul Ball, location: 2F
1-2: Foul Ball, location: 2F
1-2: Strikes out swinging
Top of the 8th over - 0 run(s), 2 hit(s), 0 error(s), 2 left on base; Salem 0 - Colorado 2
BOTTOM OF THE 8TH
Colorado Commanders batting - Pitching for Salem Sledgehammers : LHP António Bruno
Batting: RHB Frank Martínez 0-0: Foul Ball, location: 2F
0-1: Ball
1-1: Ground out 1-3 (Groundball, 15)
Batting: RHB Félix Campos 0-0: Foul Ball, location: 2F
0-1: Ball
1-1: Foul Ball, location: 2F
1-2: DOUBLE (Line Drive, 7LM)
Batting: RHB Carl O'Dell 0-0: Intentional Walk
Batting: RHB Clarence Robertson 0-0: Called Strike
0-1: Foul Ball, location: 2F
0-2: Ball
1-2: Ball
2-2: SINGLE (Flyball, 89S)
Félix Campos to third
Carl O'Dell to second
Runner from 3rd tries for Home, SAFE, no throw
Batting: RHB Tony Barton 0-0: Ball
1-0: Swinging Strike
1-1: Ball
2-1: Foul Ball, location: 2F
2-2: Ball
3-2: Base on Balls
Carl O'Dell to third
Clarence Robertson to second
Batting: RHB Ray Ervin 0-0: Swinging Strike
0-1: Ball
1-1: Ball
2-1: Ball
3-1: Foul Ball, location: 2F
3-2: Foul Ball, location: 2F
3-2: SINGLE (Line Drive, 56D)
Carl O'Dell scores
Clarence Robertson to third
Tony Barton to second
Pitching: RHP Albert Villa
Batting: RHB Mike Martin 0-0: Ball
1-0: Ball
2-0: Ball
3-0: Base on Balls
Clarence Robertson scores
Tony Barton to third
Ray Ervin to second
Batting: LHB Luis Torres 0-0: Called Strike
0-1: Ball
1-1: Ball
2-1: Swinging Strike
2-2: Ball
3-2: Foul Ball, location: 2F
3-2: Base on Balls
Tony Barton scores
Ray Ervin to third
Mike Martin to second
Batting: RHB Chris Rice 0-0: Foul Ball, location: 2F
0-1: Swinging Strike
0-2: Ball
1-2: Grounds into fielders choice 2-2 (Groundball, 2L)
Mike Martin to third
Luis Torres to second
Batting: RHB Frank Martínez 0-0: Called Strike
0-1: Ball
1-1: Swinging Strike
1-2: Ball
2-2: Strikes out looking
Bottom of the 8th over - 4 run(s), 3 hit(s), 0 error(s), 3 left on base; Salem 0 - Colorado 6
TOP OF THE 9TH
Salem Sledgehammers batting - Pitching for Colorado Commanders : RHP José Deleón
Batting: RHB Rich Crabtree 0-0: Swinging Strike
0-1: Foul Ball, location: 2F
0-2: Foul Ball, location: 2F
0-2: Ball
1-2: Strikes out swinging
Batting: RHB Juan Morales 0-0: Ball
1-0: Fly out, F8 (Line Drive, 8LD)
Batting: RHB José Vázquez 0-0: Ball
1-0: Ball
2-0: Called Strike
2-1: Ground out 4-3 (Groundball, 4M)
Top of the 9th over - 0 run(s), 0 hit(s), 0 error(s), 0 left on base; Salem 0 - Colorado 6
Tuesday, August 8th, 2017 - OOTP Baseball 17.12 Build 75